 Dungeon Crawl Stone Soup version 0.18.1-6-gd335043 (webtiles) character file.

107 dorian the Unweaver (level 5, -5/41 HPs)
             Began as a Formicid Abyssal Knight on May 17, 2016.
             Was a Follower of Lugonu.
             Killed from afar by an orc (9 damage)
             ... with a wand of lightning
             ... on level 3 of the Dungeon.
             The game lasted 00:04:13 (2594 turns).

dorian the Unweaver (Formicid Abyssal Knight)       Turns: 2594, Time: 00:04:14

Health: -5/41      AC:  6    Str: 17    XL:     5   Next: 11%
Magic:  8/8        EV:  9    Int: 12    God:    Lugonu [*.....]
Gold:   131        SH:  0    Dex: 10    Spells: 0 memorised, 4 levels left

rFire  . . .     SeeInvis +     a - +1 hand axe
rCold  . . .     Gourm    .     q - +0 scale mail
rNeg   . . .     Faith    .     (no shield)
rPois  .         Spirit   .     (helmet unavailable)
rElec  .         Dismiss  .     (no cloak)
rCorr  .         Reflect  .     (no gloves)
SustAt .         Harm     .     (no boots)
MR     +....                    (no amulet)
Stlth  ..........               (no ring)
                                n - ring of protection from magic

@: somewhat resistant to hostile enchantments, extremely unstealthy
A: permanent stasis, dig shafts and tunnels, four strong arms, antennae 3
a: Dig, Shaft Self, Depart the Abyss, Renounce Religion


You were on level 3 of the Dungeon.
You worshipped Lugonu.
Lugonu was aware of your devotion.
You were hungry.

You visited 1 branch of the dungeon, and saw 3 of its levels.
You visited the Abyss 1 time.

You collected 131 gold pieces.

Inventory:

Hand Weapons
 a - a +1 hand axe (weapon)
Missiles
 s - a tomahawk of returning (quivered)
Armour
 b - a +0 leather armour
 q - a +0 scale mail (worn)
   (You took it off an orc on level 2 of the Dungeon)
Jewellery
 n - a ring of protection from magic (left hand)
   (You found it on level 2 of the Dungeon)
Wands
 r - a wand of paralysis (11/24)
   (You took it off an orc on level 3 of the Dungeon)
Scrolls
 e - 3 scrolls of identify {unknown}
 h - 2 scrolls of teleportation {unknown}
 l - a scroll of amnesia {unknown}
 m - 3 scrolls of remove curse {unknown}
 o - a scroll of fog {unknown}
Potions
 g - a potion of invisibility {unknown}
 i - a potion of curing {unknown}
 j - 2 potions of haste {unknown}
 p - a potion of degeneration {unknown}
Comestibles
 c - 3 bread rations
 d - a royal jelly
 f - a beef jerky
 k - a meat ration
 Z - 6 chunks of flesh


   Skills:
 - Level 3.2 Fighting
 + Level 3.8 Axes
 - Level 2.1 Armour
 - Level 0.8 Dodging
 + Level 4.1 Invocations


You had 4 spell levels left.
You didn't know any spells.

Dungeon Overview and Level Annotations

Branches:
Dungeon (3/15)

Altars:
Pakellas
Trog


Innate Abilities, Weirdness & Mutations

You are under a permanent stasis effect.
You can dig through walls and to a lower floor.
Your four strong arms can wield two-handed weapons with a shield.
You have a pair of large antennae on your head (SInv).


Message History

No target in view!
No target in view!
You see here an adder corpse.
You butcher the adder corpse.
Z - 6 chunks of flesh (gained 2)
You sense a monster nearby.
s - 4 tomahawks of returning (gained 1)
You see here a club.
Found a stone staircase leading down.
c - 3 bread rations (gained 1)
Found a bloodstained altar of Trog.
An orc comes into view. It is wielding a club.
The orc shouts! x3
Throwing (i - inventory):
s - 4 tomahawks of returning (quivered)
Press: ? - help, Shift-Dir - straight line, f - orc
Aim: an orc, wielding a club You throw a tomahawk of returning.
The tomahawk of returning hits the orc.
The orc is lightly wounded.
The tomahawk of returning fails to return to your pack!
The orc zaps a wand.
The bolt of lightning hits the orc.
The orc dies!
The bolt of lightning misses you. x2; It is a wand of lightning.
Throwing (i - inventory):
s - 3 tomahawks of returning (quivered)
Press: ? - help, Shift-Dir - straight line, f - orc
Aim: an orc, wielding a club, wearing a leather armour and carrying a wand of lightning {zapped: 1} You throw a tomahawk of returning.
The tomahawk of returning closely misses the orc.
The tomahawk of returning hits the orc.
The orc is moderately wounded.
The tomahawk of returning fails to return to your pack!
Throwing (i - inventory):
s - 2 tomahawks of returning (quivered)
Press: ? - help, Shift-Dir - straight line, f/p - orc
Aim: an orc, wielding a club, wearing a leather armour and carrying a wand of lightning {zapped: 1} You throw a tomahawk of returning.
The tomahawk of returning barely misses the orc.
The tomahawk of returning fails to return to your pack!
The orc zaps a wand.
The bolt of lightning hits you! x2
* * * LOW HITPOINT WARNING * * *
You are feeling hungry.
A goblin comes into view. It is wielding a dagger.
The goblin shouts!
The orc zaps a wand.
The bolt of lightning misses you.
The orc zaps a wand.
The bolt of lightning hits the goblin.
The goblin dies!
The bolt of lightning hits you!
* * * LOW HITPOINT WARNING * * *
The orc zaps a wand.
The bolt of lightning hits the orc.
The orc dies!
The bolt of lightning hits you!
You die...

##'#.#####.###.#...#
.....# #.#.#.##
.....# . #.#..#
.....+ .# #.##.##
.....# #. #.....#
.....# #
##.##..#....##
.....#
...##..#....'.
.....#
#######.##..#....#
#.... #@##..#....###
#.....#.###.#.......
#...........#......#
#......#)##.......##
#......#..##.......#
.......##.##........
..#..#.##)##...##._.
. #..#...o.#...# ..
#..#...#.#...##


You could see an orc.

Vanquished Creatures
  An orc wizard (D:3)
  3 adders
  An ooze (D:1)
  2 dart slugs (D:2)
  4 orcs
  A giant cockroach (D:1)
  7 goblins
  3 hobgoblins
  A jackal (D:2)
  7 kobolds (D:1)
  5 bats
  2 giant newts (D:1)
  4 rats (D:1)
41 creatures vanquished.

Vanquished Creatures (others)
  2 orcs (D:3)
  A goblin (D:3)
3 creatures vanquished.

Grand Total: 44 creatures vanquished

Notes
Turn   | Place    | Note
--------------------------------------------------------------
     0 | Abyss:1  | dorian the Formicid Abyssal Knight began the quest for the Orb.
     0 | Abyss:1  | Reached XP level 1. HP: 18/18 MP: 2/2
    54 | Abyss:1  | Noticed a tentacled starspawn
    55 | D:1      | Escaped the Abyss
   122 | D:1      | Reached * piety under Lugonu
   130 | D:1      | HP: 7/18 [kobold (4)]
   132 | D:1      | Reached XP level 2. HP: 10/24 MP: 3/3
   501 | D:1      | Reached skill level 3 in Invocations
   578 | D:1      | Reached XP level 3. HP: 27/29 MP: 5/5
   974 | D:2      | Reached skill level 3 in Axes
  1544 | D:2      | HP: 14/29 [adder (4)]
  1547 | D:2      | Reached XP level 4. HP: 11/35 MP: 6/6
  1549 | D:2      | HP: 9/35 [poisoned by an adder]
  1554 | D:2      | HP: 8/35 [poisoned by an adder]
  1561 | D:2      | HP: 7/35 [poisoned by an adder]
  1569 | D:2      | HP: 5/35 [poisoned by an adder]
  2393 | D:3      | Reached skill level 4 in Invocations
  2487 | D:3      | Found an oddly glowing altar of Pakellas.
  2524 | D:3      | Reached XP level 5. HP: 41/41 MP: 8/8
  2565 | D:3      | Found a bloodstained altar of Trog.
  2582 | D:3      | HP: 6/41 [orc/wand of lightning (15)]
  2593 | D:3      | HP: 4/41 [orc/wand of lightning (3)]
  2594 | D:3      | Killed from afar by an orc

Skill      XL: |  1  2  3  4 |
---------------+-------------+-----
Invocations    | 3 4 |  4.1
Axes           | 3 |  3.8
Fighting       | |  3.2
Armour         | |  2.1
Dodging        | |  0.8

Action                   |  1- 3 |  4- 6 || total
-------------------------+-------+-------++-------
Melee: Hand axe          |    96 |    34 ||   130
Throw: Tomahawk          |       |     4 ||     4
Invok: Depart the Abyss  |     1 |       ||     1
  Eat: Chunk             |     1 |     4 ||     5
Armor: Leather armour    |    32 |     2 ||    34
       Scale mail        |       |     7 ||     7
Dodge: Dodged            |    60 |    14 ||    74
